 Dungeon Crawl Stone Soup version 0.31-a0-232-gb1c03b2570 (webtiles) character file.

Game seed: 3835811316334223464

1969 Decritt the Trooper (level 9, 46/72 HPs)
             Began as a Demonspawn Gladiator on July 7, 2023.
             Quit the game on level 6 of the Dungeon.
             The game lasted 00:12:29 (5607 turns).

Decritt the Trooper (Demonspawn Gladiator)          Turns: 5607, Time: 00:12:29

Health: 46/72      AC: 11    Str: 16    XL:     9   Next: 0%
Magic:  9/9        EV:  9    Int: 10    God:
Gold:   472        SH:  0    Dex: 17    Spells: 8/8 levels left

rFire   . . .        f - +0 trident (heavy)
rCold   . . .        (no shield)
rNeg    . . .        e - +0 chain mail
rPois   .            (helmet restricted)
rElec   .            v - +1 cloak
rCorr   .            (no gloves)
SInv    .            (no boots)
Will    .....        (no amulet) Stlth
                     (no ring)
HPRegen 2.32/turn    (no ring)
MPRegen 0.11/turn

%: no passive effects
@: confused
A: horns 2, powered by death 2, spiny 2
a: no special abilities


You were on level 6 of the Dungeon.
You visited 2 branches of the dungeon, and saw 7 of its levels.

You collected 472 gold pieces.

Inventory:

Hand Weapons
 a - a +0 rapier
 f - a +0 heavy trident (weapon)
 y - a +3 vampiric whip
Missiles
 b - 4 javelins
 d - 3 throwing nets (quivered)
Armour
 e - a +0 chain mail (worn)
 v - a +1 cloak (worn)
Scrolls
 i - a scroll of blinking {unknown}
 n - 2 scrolls of fog
Potions
 g - 3 potions of invisibility
 h - 2 potions of berserk rage
 k - 5 potions of curing
 l - a potion of lignification {unknown}
 p - 2 potions of magic
 q - 2 potions of attraction
 t - 3 potions of mutation {unknown}
 u - a potion of enlightenment {unknown}
 w - a potion of ambrosia {unknown}


   Skills:
 * Level 7.1 Fighting
 * Level 6.8 Short Blades
 - Level 1.7 Throwing
 + Level 4.0 Armour
 + Level 5.0 Dodging


You had 8 spell levels left.
You didn't know any spells.
Your spell library contained the following spells:

 Spells                   Type           Power      Damage    Failure   Level
 Slow                     Hex            0%         N/A       99%         1
 Scorch                   Fire           0%         2d5       100%        2
 Confusing Touch          Hex            0%         N/A       100%        3
 Vampiric Draining        Necr           0%         2d6       100%        3
 Flame Wave               Conj/Fire      0%         2d4       100%        4
 Summon Cactus Giant      Summ           0%         N/A       100%        6


Dungeon Overview and Level Annotations

Branches:
Dungeon (6/15)             Temple (1/1) D:6

Altars:
Cheibriados
Fedhas
Gozag
Hepliaklqana
Kikubaaqudgha
Makhleb
Nemelex Xobeh
Okawaru
Qazlal
Sif Muna
Trog
Uskayaw
Vehumet
Wu Jian
Xom
Yredelemnul

Shops:
D:3 :


Innate Abilities, Weirdness & Mutations

You have a pair of horns on your head.
You regenerate health from kills.
You are mostly covered in sharp spines.


Message History

The orc wizard is moderately wounded.
The orc wizard gestures at you while chanting.
You resist with some effort.
The orc priest is struck by your spines.
The orc priest hits you but does no damage.
The orc wizard is struck by your spines.
The orc wizard closely misses you.
You hit the orc wizard but do no damage.
The orc wizard is heavily wounded.
A gnoll bouda comes into view.
It is wielding a +0 whip and wearing a +0 robe of fire resistance.
The orc priest hits you but does no damage.
The orc wizard is struck by your spines.
The orc wizard hits you but does no damage.
You hear some strange, mumbled words.
A magic dart appears from out of thin air!
The magic dart hits you but does no damage.
The orc priest hits you but does no damage.
The orc wizard hits you but does no damage.
The gnoll bouda moves out of view.
You barely miss the orc wizard.
You headbutt the orc wizard, but do no damage.
The orc wizard is almost dead.
Something hits you but does no damage. The orc priest hits you with a +0 club.
The orc wizard barely misses you. The orc priest hits you with a +0 club.
Something hits you but does no damage. The orc wizard casts a spell at you.
You are confused.
You are too confused!
You bump into the rock wall.
Reactivating autopickup.
You feel a bit more experienced.
The orc wizard points at you and mumbles some strange words.
The puff of flame hits you!
The orc priest hits you but does no damage.
You have reached level 9!
Your experience leads to an increase in your attributes!
Increase (s)trength, (i)ntelligence, or (d)exterity?
You feel stronger. x2; Your demonic ancestry asserts itself...
The horns on your head grow some more.
Are you sure you want to abandon this character and quit the game? (Confirm with "yes".)

###.######.#
.....#.....#
#....#.#########
#.##.#.#.......########
#.####.#..............#
......................##
.#####.#................
.#......).)#####.#...###
.#.....).).# #@# #.#
##.....[##.# #.)oo.....#
#......##.# #.#.#.#.#.#
#......##.# #.........#
##......#### #.#.#.#.#..
........# ...........
######.## #..#.#.#.#.#
#.# #..........# #.#


You could see an orc priest and an orc wizard.

Vanquished Creatures
  Pikel (D:5)
  Grinder (D:5)
  Eustachio (D:5)
  An ice beast (D:5)
  2 ogres
  A phantom (D:4)
  A bullfrog (D:6)
  Blork the orc (D:5)
  A scorpion (D:6)
  3 hounds
  A jelly (D:6)
  An orc priest (D:5)
  An orc wizard (D:6)
  5 sleepcaps
  4 iguanas
  A mummy (D:3)
  9 gnolls
  10 adders
  A white imp (D:5)
  An ufetubus (D:4)
  A worm (D:5)
  4 dart slugs
  7 orcs
  3 bats
  4 endoplasms
  3 giant cockroaches (D:1)
  7 goblins
  7 hobgoblins
  6 jackals
  11 kobolds
  3 quokkas
  10 ball pythons
  5 frilled lizards
  8 rats
126 creatures vanquished.

Notes
Turn   | Place    | Note
-------+----------+-------------------------------------------
     0 | D:1      | Decritt the Demonspawn Gladiator began the quest for the
                  | Orb.
     0 | D:1      | Reached XP level 1. HP: 16/16 MP: 1/1
    13 | D:1      | Found a faded altar of an unknown god.
   136 | D:1      | Gained mutation: You are partially covered in sharp spines.
                  | [demonic ancestry]
   136 | D:1      | Reached XP level 2. HP: 22/22 MP: 2/2
   606 | D:2      | Gained mutation: You are mostly covered in sharp spines.
                  | [demonic ancestry]
   606 | D:2      | Reached XP level 3. HP: 27/28 MP: 3/3
   809 | D:2      | Reached skill level 1 in Armour
  1021 | D:2      | Reached XP level 4. HP: 34/34 MP: 4/4
  1109 | D:2      | Reached skill level 3 in Fighting
  1637 | D:3      | Found Hotwah's Book Boutique.
  1805 | D:3      | Found a snail-covered altar of Cheibriados.
  1995 | D:3      | Found a shimmering altar of Xom.
  2186 | D:3      | Gained mutation: You regenerate a little health from kills.
                  | [demonic ancestry]
  2186 | D:3      | Reached XP level 5. HP: 40/41 MP: 5/5
  2546 | D:4      | Noticed a phantom
  2546 | D:4      | Noticed an ogre
  2590 | D:4      | Killed a phantom
  2601 | D:4      | Killed an ogre
  2602 | D:4      | Reached skill level 4 in Fighting
  2602 | D:4      | Reached XP level 6. HP: 6/48 MP: 6/6
  3726 | D:5      | Entered Level 5 of the Dungeon
  3780 | D:5      | Found a blossoming altar of Fedhas.
  3797 | D:5      | Noticed an ice beast
  3799 | D:5      | Noticed Eustachio
  3800 | D:5      | Noticed Pikel
  3815 | D:5      | Killed an ice beast
  3816 | D:5      | Gained mutation: You regenerate health from kills. [demonic
                  | ancestry]
  3816 | D:5      | Reached XP level 7. HP: 23/55 MP: 7/7
  3822 | D:5      | Killed Pikel
  3823 | D:5      | Reached skill level 5 in Fighting
  3823 | D:5      | Reached skill level 5 in Short Blades
  3823 | D:5      | Gained mutation: You have a pair of small horns on your
                  | head. [demonic ancestry]
  3823 | D:5      | Reached XP level 8. HP: 18/64 MP: 8/8
  3835 | D:5      | Killed Eustachio
  4061 | D:5      | Noticed Grinder
  4067 | D:5      | Killed Grinder
  4068 | D:5      | Reached skill level 6 in Fighting
  4206 | D:5      | Noticed Blork the orc
  4524 | D:5      | Killed Blork the orc
  5189 | D:6      | Found a staircase to the Ecumenical Temple.
  5200 | Temple   | Entered the Ecumenical Temple
  5557 | D:6      | Reached skill level 7 in Fighting
  5572 | D:6      | Reached skill level 5 in Dodging
  5607 | D:6      | Gained mutation: You have a pair of horns on your head.
                  | [demonic ancestry]
  5607 | D:6      | Reached XP level 9. HP: 46/72 MP: 9/9
  5607 | D:6      | Quit the game

Illustrated notes

Levels and vault maps discovered:
D:1:      erik_arrival_orb_chamber, layout_basic, basic_ecumenical_altar
D:2:      wad_river_or_something, layout_basic
D:3:      layout_basic, mainiacjoe_overflow_alcove_2, slow_altar_1,
          serial_shops, nicolae_diamond_shop
D:4:      layout_basic, minmay_puff
D:5:      layout_loops_cross, mainiacjoe_overflow_divided_tiny, uniq_grinder,
          uniq_blork_the_orc, uniq_eustachio, uniq_pikel
D:6:      layout_basic, minmay_temple_entry_overgrown, serial_co_window_serial,
          co_window_corner_a, co_window_cross_1, co_window_paths_a,
          co_window_paths_a, co_window_corner_a, co_window_corner_a,
          co_window_paths_a, co_window_of_opportunity_c, co_window_corner_cb,
          co_window_unsneaky_path_b, co_window_4corner_a, glass_columns_c,
          glass_columns_a, glass_columns_a
Temple:   nicolae_temple_two_arcs

Skill      XL: |  1  2  3  4  5  6  7  8 |
---------------+-------------------------+-----
Short Blades   | 3 4 5 6 |  6.8
Armour         | 1 2 3 4 |  4.0
Dodging        | 3 4 5 |  5.0
Fighting       | 3 4 5 7 |  7.1
Throwing       | |  1.7

Action                     |  1- 3 |  4- 6 |  7- 9 || total
---------------------------+-------+-------+-------++-------
  Melee: Rapier            |    87 |    52 |       ||   139
         Whip              |       |    61 |    16 ||    77
         Trident           |       |       |    68 ||    68
         Headbutt          |       |       |    13 ||    13
         Punch             |       |       |     2 ||     2
  Throw: Throwing net      |       |     2 |       ||     2
    Use: Scroll            |       |    15 |       ||    15
         Potion            |       |       |     2 ||     2
   Stab: Held in net/web   |       |     1 |       ||     1
 Armour: Leather armour    |    16 |       |       ||    16
         Ring mail         |    20 |    23 |       ||    43
         Chain mail        |       |    12 |    59 ||    71
  Dodge: Dodged            |    46 |    53 |    63 ||   162

Table legend: (Time is in decaauts)
 A = Elapsed time spent in this place.
 B = Non-inter-level travel time spent in this place.
 C = Inter-level travel time spent in this place.
 D = Time resting spent in this place.
 E = Time spent auto-exploring this place.
 F = Levels seen in this place.
 G = Mean time per level.
                   A        B        C        D        E       F      G
               +--------+--------+--------+--------+--------+-----+--------+
         Total |   5685 |   5549 |    136 |    805 |   3659 |   7 |  812.1 |
       Dungeon |   5566 |   5430 |    136 |    805 |   3553 |   6 |  927.7 |
        Temple |    119 |    119 |      0 |      0 |    106 |   1 |  119.0 |
               +--------+--------+--------+--------+--------+-----+--------+

Top non-repeatable levels by time:
     D:4: 1397 daAuts
     D:5: 992 daAuts
     D:3: 990 daAuts
     D:2: 933 daAuts
     D:6: 662 daAuts
     D:1: 590 daAuts
  Temple: 119 daAuts
